 Dungeon Crawl Stone Soup version 0.31-a0-986-g5e6e4ef867 (webtiles) character file.

Game seed: 10637846516579962860

5994 javelincjr the Mimic (level 10, -3/97 HPs)
             Began as a Grey Draconian Shapeshifter on Nov 9, 2023.
             Was a Believer of Qazlal.
             Killed by divine providence
             ... invoked by a meliai
              (10 damage)
             ... on level 9 of the Dungeon.
             The game lasted 00:26:14 (8768 turns).

javelincjr the Mimic (Grey Draconian Shapeshifter)  Turns: 8768, Time: 00:26:15

Health: -3/97      AC:  9    Str: 23    XL:     10   Next: 55%
Magic:  16/16      EV: 16    Int: 13    God:    Qazlal [**....]
Gold:   420        SH:  2    Dex: 11    Spells: 13/17 levels left

rFire   . . .        h - melded +2 spear (venom)
rCold   . . .        (shield currently unavailable)
rNeg    . . .        (body armour unavailable)
rPois   +            (helmet currently unavailable)
rElec   .            (cloak currently unavailable)
rCorr   .            (gloves currently unavailable)
SInv    .            t - melded +0 pair of boots
Will    .....        (no amulet)
Stlth   +            d - ring of poison resistance
HPRegen 0.36/turn    y - +5 ring of evasion
MPRegen 0.15/turn

%: no passive effects
@: about to teleport, snake-form
A: constrict, boosted hp, AC +12, amphibious, large, unfitting armour,
(cold-blooded)
a: Begin Untransformation, Renounce Religion, Upheaval


You were on level 9 of the Dungeon.
You worshipped Qazlal.
Qazlal was pleased with you.
You were an enormous anaconda.
You visited 2 branches of the dungeon, and saw 10 of its levels.

You collected 420 gold pieces.

Inventory:

Hand Weapons
 h - a +2 spear of venom (melded)
 q - a +2 dagger of flaming
 x - a +3 spear
Missiles
 e - 34 poisoned darts
 o - 62 stones
 r - a curare-tipped dart
 G - 14 boomerangs
Armour
 t - a +0 pair of boots (melded)
Jewellery
 d - a ring of poison resistance (left hand)
 i - a ring of ice
 y - a +5 ring of evasion (right hand)
 H - a ring of willpower
Talismans
 b - a beast talisman
 c - a flux talisman
 m - a serpent talisman (active)
Wands
 s - a wand of quicksilver (21)
 A - a wand of iceblast (11)
 E - a wand of polymorph (14)
Scrolls
 f - 3 scrolls of teleportation
 g - 3 scrolls of amnesia {unknown}
 k - 2 scrolls of noise {unknown}
 l - 3 scrolls of fog
 n - 2 scrolls of vulnerability {unknown}
 p - 4 scrolls of revelation
 v - a scroll of brand weapon {unknown}
 B - 2 scrolls of immolation {unknown}
 C - a scroll of fear {unknown}
Potions
 a - a potion of lignification
 j - 2 potions of cancellation
 w - a potion of brilliance
 z - a potion of mutation
 D - a potion of degeneration
 F - 4 potions of haste


   Skills:
 + Level 5.4 Fighting
 + Level 5.0 Dodging
 + Level 5.7 Unarmed Combat
 + Level 4.1 Spellcasting
 + Level 5.6 Earth Magic
 + Level 4.2 Invocations
 * Level 10.4 Shapeshifting


You had 13 spell levels left.
You knew the following spells:

 Your Spells              Type           Power      Damage    Failure   Level
a - Sandblast             Erth           34%        2d9       1%          1
b - Stone Arrow           Conj/Erth      20%        3d8       19%         3

Your spell library contained the following spells:

 Spells                   Type           Power      Damage    Failure   Level
 Passwall                 Tmut/Erth      8%         N/A       10%         2
 Kiss of Death            Conj/Necr      8%         2d6       21%         1
 Slow                     Hex            8%         N/A       21%         1
 Jinxbite                 Hex            4%         N/A       30%         2
 Confusing Touch          Hex            2%         N/A       52%         3
 Gell's Gravitas          Tloc           2%         N/A       52%         3
 Teleport Other           Tloc           2%         N/A       52%         3
 Tukima's Dance           Hex            2%         N/A       52%         3
 Brom's Barrelling Bould  Conj/Erth      10%        2d3       54%         4
 Dimensional Bullseye     Hex/Tloc       1%         N/A       90%         4
 Dispel Undead            Necr           2%         3d7       90%         4
 Iskenderun's Mystic Bla  Conj/Tloc      2%         2d3       90%         4
 Passage of Golubria      Tloc           2%         N/A       90%         4
 Summon Mana Viper        Hex/Summ       2%         N/A       99%         5
 Yara's Violent Unravell  Hex/Tmut       1%         3d3       99%         5
 Dispersal                Tloc           1%         N/A       100%        6


Dungeon Overview and Level Annotations

Branches:
Dungeon (9/15)             Temple (1/1) D:7            Lair (0/5) D:9
    Orc: D:9-12

Altars:
Ashenzari
Cheibriados
Dithmenos
Elyvilon
Fedhas
Kikubaaqudgha
Makhleb
Nemelex Xobeh
Okawaru
Qazlal
Ru
Trog
Uskayaw
Vehumet
Wu Jian
Xom
Yredelemnul
The Shining One

Shops:
D:1 :

Annotations:
D:6 3 runed translucent doors, SkeletorGaming's ghost, novice FoFi


Innate Abilities, Weirdness & Mutations

You are an enormous anaconda.
You have a powerful constriction melee attack.
Your maximum health is increased.
Your armour is entirely melded.
You are incapable of wielding weapons or throwing items.
((Your dull iron-grey scales are very hard. (AC +12)))
You are amphibious.
You cannot fit into any form of body armour.
((You are cold-blooded and may be slowed by cold attacks.))


Message History

The meliai hits you with a +0 hand axe. The meliai misses you.
You barely miss the meliai. Your grab misses the meliai.
The meliai hits you with a +0 hand axe. The meliai closely misses you.
The meliai invokes the aid of its god against you.
Something smites you!
* * * LOW HITPOINT WARNING * * *
The meliai hits you with a +0 hand axe.
* * * LOW HITPOINT WARNING * * *
The meliai completely misses you. You block the meliai's attack.
The meliai barely misses you.
You body-slam the meliai!!
Your grab misses the meliai.
The meliai is almost dead.
The meliai barely misses you. x2
The meliai calls upon its god to heal the meliai.
The meliai is healed somewhat.
The meliai barely misses you. The meliai stings you.
* * * LOW HITPOINT WARNING * * *
The meliai hits you with a +0 broad axe.
* * * LOW HITPOINT WARNING * * *
You block the meliai's attack.
You barely miss the meliai. Your grab misses the meliai.
The meliai is heavily wounded.
The meliai hits you but does no damage. The meliai completely misses you.
The meliai barely misses you. The meliai misses you.
The meliai hits you with a +0 hand axe.
* * * LOW HITPOINT WARNING * * *
The meliai stings you.
* * * LOW HITPOINT WARNING * * *
The meliai hits you with a +0 broad axe.
* * * LOW HITPOINT WARNING * * *
The meliai barely misses you.
As you read the scroll of teleportation, it crumbles to dust.
You feel strangely unstable. The meliai misses you.
The meliai closely misses you. The meliai misses you.
The meliai stings you but does no damage.
The meliai closely misses you. The meliai stings you.
* * * LOW HITPOINT WARNING * * *
The meliai mumbles some strange prayers to its god against you.
Something smites you!
You die...

#. #. # #. .# ###.
..# ##.#. ...# #.#..
####..# ##.#. #
#yy...# ####÷#.
#.##S###.# #..÷.#.
#........# #.##.##
####.##### ##......
#.# ##P.....) #.##
##......PP #..##
#.........
####...#####..P....♣.
+.)..............PP..
####....###..♣P....P.


You could see 2 meliai.

Vanquished Creatures
  A meliai (D:9)
  A hornet (D:8)
  A wraith (D:8)
  4 wyverns
  Eustachio (D:4)
  11 yaks
  3 steam dragons
  3 water moccasins (D:9)
  A sky beast (D:7)
  An orc warrior (D:8)
  4 ice beasts
  An ogre (D:4)
  3 centaurs (D:8)
  2 kobold brigands (D:8)
  A bullfrog (D:8)
  A scorpion (D:5)
  2 wights (D:8)
  7 killer bees (D:8)
  2 howler monkeys (D:8)
  3 jellies
  4 hounds
  2 gnoll boudas (D:8)
  2 orc priests
  2 iguanas
  10 orc wizards
  A gnoll (D:1)
  9 adders
  2 shadow imps
  A white imp (D:8)
  2 ufetubi (D:6)
  A worm (D:4)
  A dart slug (D:2)
  27 orcs
  6 bats
  8 endoplasms
  4 giant cockroaches
  5 goblins
  7 hobgoblins
  10 jackals
  15 kobolds
  A quokka (D:4)
  8 ball pythons
  4 frilled lizards
  6 rats
191 creatures vanquished.

Notes
Turn   | Place    | Note
-------+----------+-------------------------------------------
     0 | D:1      | javelincjr the Draconian Shapeshifter began the quest for
                  | the Orb.
     0 | D:1      | Reached XP level 1. HP: 16/16 MP: 1/1
    72 | D:1      | Reached XP level 2. HP: 19/23 MP: 2/2
   289 | D:1      | Found Plog's Book Emporium.
   373 | D:1      | Reached XP level 3. HP: 26/28 MP: 3/3
   386 | D:1      | Reached skill level 4 in Shapeshifting
  1196 | D:3      | Reached XP level 4. HP: 35/35 MP: 4/4
  1881 | D:3      | Reached skill level 5 in Shapeshifting
  2151 | D:4      | Reached XP level 5. HP: 40/40 MP: 5/5
  2264 | D:4      | Noticed Eustachio
  2372 | D:4      | Noticed an ogre
  2379 | D:4      | Killed an ogre
  2380 | D:4      | Reached skill level 6 in Shapeshifting
  2380 | D:4      | Reached XP level 6. HP: 47/47 MP: 6/6
  2544 | D:4      | Killed Eustachio
  2545 | D:4      | Reached skill level 7 in Shapeshifting
  2728 | D:4      | Found a basalt altar of Yredelemnul.
  2729 | D:4      | Found a shadowy altar of Dithmenos.
  2730 | D:4      | Found a sparkling altar of Nemelex Xobeh.
  2731 | D:4      | Found an ornate altar of the Wu Jian Council.
  2899 | D:5      | Entered Level 5 of the Dungeon
  3392 | D:5      | Your scales start taking on a dull iron-grey colour.
  3392 | D:5      | Reached XP level 7. HP: 38/52 MP: 7/7
  3695 | D:6      | Noticed a steam dragon
  3703 | D:6      | Killed a steam dragon
  3825 | D:6      | Found a runed translucent gate.
  3825 | D:6      | Found a runed translucent gate.
  3825 | D:6      | Found a runed translucent gate.
  3827 | D:6      | Noticed a kobold demonologist
  3828 | D:6      | Noticed SkeletorGaming's ghost (novice FoFi)
  3962 | D:6      | Reached skill level 8 in Shapeshifting
  3998 | D:6      | Learned a level 1 spell: Sandblast
  4534 | D:6      | Found a broken altar of Ashenzari.
  4556 | D:6      | Reached skill level 1 in Earth Magic
  5300 | D:7      | Identified the of Etuxiled
  5317 | D:7      | Reached skill level 1 in Spellcasting
  5317 | D:7      | Reached XP level 8. HP: 23/61 MP: 9/9
  5548 | D:7      | Found a staircase to the Ecumenical Temple.
  5567 | Temple   | Entered the Ecumenical Temple
  5592 | Temple   | Became a worshipper of Qazlal Stormbringer
  5631 | D:7      | Found a radiant altar of Vehumet.
  6552 | D:8      | Noticed a hornet
  6558 | D:8      | Reached skill level 1 in Invocations
  6558 | D:8      | Reached skill level 9 in Shapeshifting
  6819 | D:8      | Reached XP level 9. HP: 51/70 MP: 12/12
  6919 | D:8      | Reached * piety under Qazlal
  7202 | D:8      | Learned a level 3 spell: Stone Arrow
  7340 | D:8      | Reached skill level 5 in Unarmed Combat
  7356 | D:8      | Reached XP level 10. HP: 38/80 MP: 15/15
  7362 | D:8      | Reached skill level 10 in Shapeshifting
  8031 | D:8      | HP: 3/96 [killer bee (6)]
  8319 | D:8      | Reached skill level 5 in Earth Magic
  8488 | D:9      | Reached skill level 5 in Fighting
  8499 | D:9      | Reached ** piety under Qazlal
  8531 | D:9      | Reached skill level 5 in Dodging
  8734 | D:9      | Found a staircase to the Lair.
  8768 | D:9      | Killed from afar by a meliai

Illustrated notes

Levels and vault maps discovered:
D:1:      dpeg_arrival_tiny_h, layout_basic, serial_shops, shop
D:2:      layout_loops_ring
D:3:      layout_loops_cross
D:4:      layout_loops_ring, mainiacjoe_overflow_alcove_3, grunt_ministairs_9,
          uniq_eustachio
D:5:      layout_layer_cave, chequers_serial_rivers_micro_d,
          hangedman_abyss_or_decor_passed
D:6:      layout_layer_cave, mainiacjoe_overflow_24_doors,
          gammafunk_ghost_nasty_kobolds
D:7:      layout_loops_ring, nicolae_vehumet_radiance,
          minmay_temple_entry_offerings
D:8:      minmay_four_partial_circles, layout_layer_cave
D:9:      layout_loops_corners, pdpol_temple_overflow_zin_treasury_gozag_greed,
          grunt_temple_overflow_open, minmay_lair_entry_grove,
          hiddenorc2_lemuel, serial_aquarium, aquarium_bridge_square
          [aquarium_subvault_balcony, aquarium_subvault_wall,
          aquarium_subvault_bridge, aquarium_subvault_wall], aquarium_window_2,
          aquarium_window_2, aquarium_view_2a
Temple:   nicolae_temple_godzebo

Skill      XL: |  1  2  3  4  5  6  7  8  9 10 |
---------------+-------------------------------+-----
Dodging        | 2 3 4 5 |  5.0
Shapeshifting  | 4 5 6 7 8 9 10 | 10.4
Earth Magic    | 1 3 4 5 |  5.6
Spellcasting   | 1 2 3 4 |  4.1
Fighting       | 3 4 5 |  5.4
Unarmed Combat | 4 5 |  5.7
Invocations    | 1 3 4 |  4.2

Action                     |  1- 3 |  4- 6 |  7- 9 | 10-12 || total
---------------------------+-------+-------+-------+-------++-------
  Melee: Unarmed           |    70 |       |   283 |   110 ||   463
         Tailslap          |    10 |    10 |    53 |     5 ||    78
         Spear             |    21 |   137 |    71 |       ||   229
         Punch             |       |     4 |     2 |       ||     6
         Constrict         |       |       |       |    15 ||    15
   Cast: Sandblast         |       |       |     9 |       ||     9
         Stone Arrow       |       |       |     2 |       ||     2
    Use: Scroll            |       |     4 |     8 |     2 ||    14
         Potion            |       |       |     2 |     1 ||     3
   Stab: Sleeping          |     2 |     2 |       |       ||     4
         Distracted        |     1 |       |       |       ||     1
 Armour: Skin              |    48 |    64 |   164 |   125 ||   401
  Dodge: Dodged            |    65 |    55 |   330 |   159 ||   609
  Block: Other             |       |       |     6 |    15 ||    21
   Form: Flux              |       |       |     1 |       ||     1
         Anaconda          |       |       |       |     1 ||     1

Table legend: (Time is in decaauts)
 A = Elapsed time spent in this place.
 B = Non-inter-level travel time spent in this place.
 C = Inter-level travel time spent in this place.
 D = Time resting spent in this place.
 E = Time spent auto-exploring this place.
 F = Levels seen in this place.
 G = Mean time per level.
                   A        B        C        D        E       F      G
               +--------+--------+--------+--------+--------+-----+--------+
         Total |   8770 |   8513 |    257 |    495 |   6496 |  10 |  877.0 |
       Dungeon |   8716 |   8501 |    215 |    495 |   6496 |   9 |  968.4 |
        Temple |     53 |     11 |     42 |      0 |      0 |   1 |   53.0 |
               +--------+--------+--------+--------+--------+-----+--------+

Top non-repeatable levels by time:
     D:8: 2083 daAuts
     D:6: 1616 daAuts
     D:7: 1009 daAuts
     D:4: 898 daAuts
     D:3: 833 daAuts
     D:5: 793 daAuts
     D:1: 608 daAuts
     D:2: 569 daAuts
     D:9: 302 daAuts
  Temple: 53 daAuts
